 Dungeon Crawl Stone Soup version 0.21.1-1-g345015f (webtiles) character file.

86 theblackcape the Ruffian (level 4, -6/42 HPs)
             Began as an Ogre Transmuter on June 9, 2018.
             Mangled by Pawles22's ghost (10 damage)
             ... on level 3 of the Dungeon on June 10, 2018.
             The game lasted 00:12:59 (1858 turns).

theblackcape the Ruffian (Ogre Transmuter)          Turns: 1858, Time: 00:12:59

Health: -6/42      AC:  3    Str: 14    XL:     4   Next: 50%
Magic:  8/8        EV: 10    Int: 15    God:
Gold:   75         SH:  0    Dex:  9    Spells: 5/9 levels left

rFire    . . .     SeeInvis .     - Unarmed
rCold    . . .     Gourm    .   (no shield)
rNeg     . . .     Faith    .   b - +0 robe
rPois    .         Spirit   .   (helmet restricted)
rElec    .         Reflect  .   (no cloak)
rCorr    .         Harm     .   (gloves unavailable)
MR       .....                  (boots unavailable)
Stlth    +.........             (no amulet)
HPRegen  0.14/turn              (no ring)
MPRegen  0.11/turn              (no ring)

@: appendage (expiring)
A: large, unfitting armour, horns 2, tough skin 1
a: End Transformation


You were on level 3 of the Dungeon.
You were not hungry.
You had grown temporary horns.
You visited 1 branch of the dungeon, and saw 3 of its levels.

You collected 75 gold pieces.

Inventory:

Missiles
 a - 61 arrows
Armour
 b - a +0 robe (worn)
Jewellery
 h - an uncursed ring of fire
 j - a cursed -2 ring of dexterity {unknown}
Scrolls
 e - a scroll of fog {unknown}
 g - a scroll of remove curse {unknown}
 i - 2 scrolls of identify
 l - 2 scrolls of teleportation {unknown}
Potions
 k - a potion of agility {unknown}
 m - a potion of curing
Books
 c - a book of Changes

   Spells                             Type                      Level
   a - Beastly Appendage              Transmutation                1
   b - Sticks to Snakes               Transmutation                2
   c - Spider Form                    Transmutation/Poison         3
   d - Ice Form                       Ice/Transmutation            4
   e - Blade Hands                    Transmutation                5
Comestibles
 d - 5 rations
 f - 5 chunks of flesh


   Skills:
 + Level 1.9 Fighting
 + Level 2.0 Dodging
 + Level 3.7 Unarmed Combat
 - Level 3.0 Spellcasting
 - Level 2.1 Transmutations
 - Level 1.0 Poison Magic


You had 5 spell levels left.
You knew the following spells:

 Your Spells              Type           Power        Failure   Level  Hunger
a - Beastly Appendage     Tmut           #.....       9%          1    #......
b - Spider Form           Tmut/Pois      #.........   30%         3    ###....


Dungeon Overview and Level Annotations

Branches:
Dungeon (3/15)

Altars:

Annotations:
D:3 Pawles22's ghost, amateur MiMo


Innate Abilities, Weirdness & Mutations

You are too large for most types of armour.
You have tough skin. (AC +1)
You have a pair of horns on your head.


Message History

Pawles22's ghost hits you.
You hit Pawles22's ghost.
Pawles22's ghost is lightly damaged.
Pawles22's ghost hits you!
You hit Pawles22's ghost. You headbutt Pawles22's ghost!
Pawles22's ghost is moderately damaged.
Pawles22's ghost hits you!
* * * LOW HITPOINT WARNING * * *
You miss Pawles22's ghost. Your headbutt misses Pawles22's ghost.
Pawles22's ghost is moderately damaged.
Your transformation is almost over.
Pawles22's ghost closely misses you.
You closely miss Pawles22's ghost.
Pawles22's ghost is moderately damaged.
Pawles22's ghost hits you!
* * * LOW HITPOINT WARNING * * *
You can't go down here!
Unknown command.
Pawles22's ghost hits you!
You die...

### ###
##.. ..
#... .. #
#..##.#.#.
#.........
#.......#
#..PP...#
#.!.....#
#@#..####
# #W..##
#ยง ##.##
#. .# . .#
#. .. ..
.# #. ..
.. #.


You could see Pawles22's ghost.

Vanquished Creatures
  3 adders (D:2)
  An ooze (D:2)
  2 worms (D:2)
  3 dart slugs (D:1)
  3 ball pythons
  5 bats (D:1)
  2 giant cockroaches
  8 hobgoblins
  2 jackals (D:2)
  2 frilled lizards
  6 goblins (D:1)
  2 kobolds (D:1)
  2 rats
41 creatures vanquished.

Notes
Turn   | Place    | Note
-------+----------+-------------------------------------------
     0 | D:1      | theblackcape the Ogre Transmuter began the quest for the Orb.
     0 | D:1      | Reached XP level 1. HP: 19/19 MP: 3/3
    63 | D:1      | Reached XP level 2. HP: 9/27 MP: 2/5
   695 | D:1      | Reached XP level 3. HP: 27/33 MP: 7/7
   705 | D:1      | Learned a level 3 spell: Spider Form
   998 | D:2      | Reached skill level 1 in Poison Magic
  1001 | D:2      | You fall through a shaft!
  1396 | D:2      | Reached XP level 4. HP: 41/41 MP: 4/8
  1451 | D:3      | Noticed Pawles22's ghost (amateur MiMo)
  1858 | D:3      | Mangled by Pawles22's ghost

Skill      XL: |  1  2  3  4 |
---------------+-------------+-----
Unarmed Combat | 3 |  3.7
Transmutations | 2 |  2.1
Spellcasting   | 3 |  3.0
Poison Magic   | 1 |  1.0
Dodging        | 2 |  2.0
Fighting       | |  1.9

Action                   |  1- 3 |  4- 6 || total
-------------------------+-------+-------++-------
Melee: Unarmed           |   124 |    57 ||   181
       Kick              |     8 |     4 ||    12
       Headbutt          |     4 |     4 ||     8
       Punch             |       |     1 ||     1
 Cast: Beastly Appendage |    16 |     5 ||    21
       Spider Form       |     1 |       ||     1
  Use: Potion            |     2 |       ||     2
       Scroll            |     1 |       ||     1
  Eat: Chunk             |     2 |     1 ||     3
Armor: Robe              |    40 |     8 ||    48
Dodge: Dodged            |    72 |    22 ||    94
